 Dungeon Crawl Stone Soup version 0.26-a0-651-gb41185065b (webtiles) character file.

Game seed: 17355056616381754402

11439 grandjackal the Fighter (level 11, -6/90 HPs)
             Began as a Demonspawn Gladiator on Sept 30, 2020.
             Was a Priest of Dithmenos.
             Mangled by a five-headed hydra (9 damage)
             ... on level 11 of the Dungeon.
             The game lasted 00:16:39 (11899 turns).

grandjackal the Fighter (Demonspawn Gladiator)     Turns: 11899, Time: 00:16:39

Health: -6/90      AC:  7    Str: 18    XL:     11   Next: 49%
Magic:  0/12       EV: 17    Int: 10    God:    Dithmenos [***...]
Gold:   454        SH:  0    Dex: 14    Spells: 10/10 levels left

rFire    . . .     SeeInvis .   k - +4 scimitar (flame)
rCold    + . .     Faith    .   (no shield)
rNeg     . . .     Spirit   +   J - +0 troll leather armour
rPois    +         Reflect  .   (helmet restricted)
rElec    .         Harm     .   (no cloak)
rCorr    +         Rampage  .   n - +0 pair of gloves
MR       .....                  t - +0 pair of boots
Stlth    +++++.....             v - amulet of guardian spirit
HPRegen  0.65/turn              m - ring of protection from cold
MPRegen  0.13/turn              D - ring of resist corrosion

@: stab, wreathed by umbra
A: antennae 2, slimy green scales 2, deformed body, high mp 1, poison
resistance, wild magic 1, rot immunity
a: Shadow Step, Renounce Religion


You were on level 11 of the Dungeon.
You worshipped Dithmenos.
Dithmenos was most pleased with you.
You visited 2 branches of the dungeon, and saw 12 of its levels.

You collected 484 gold pieces.
You spent 30 gold pieces at shops.

Inventory:

Hand Weapons
 k - a +4 scimitar of flaming (weapon)
 F - a +1 dagger of venom
Missiles
 d - 2 throwing nets (quivered)
Armour
 n - a +0 pair of gloves (worn)
 t - a +0 pair of boots (worn)
 J - a +0 troll leather armour (worn)
Jewellery
 m - a ring of protection from cold (left hand)
 p - an uncursed ring of magical power {unknown}
 v - an amulet of guardian spirit (around neck)
 D - a ring of resist corrosion (right hand)
Wands
 e - a wand of acid (13)
 x - a wand of paralysis (7)
Scrolls
 a - a scroll of noise {unknown}
 f - 3 scrolls of immolation
 g - 5 scrolls of identify {unknown}
 h - 2 scrolls of magic mapping {unknown}
 i - 2 scrolls of enchant armour {unknown}
 j - 2 scrolls of fog {unknown}
 l - 2 scrolls of blinking {unknown}
 o - 8 scrolls of remove curse {unknown}
 s - 9 scrolls of teleportation {unknown}
 u - a scroll of random uselessness {unknown}
 y - a scroll of brand weapon {unknown}
 C - a scroll of summoning {unknown}
 G - 2 scrolls of acquirement {unknown}
Potions
 b - a potion of magic
 c - 5 potions of flight
 q - 2 potions of curing
 r - a potion of lignification
 B - a potion of brilliance {unknown}
 E - a potion of mutation
 H - a potion of haste {unknown}
 I - a potion of cancellation {unknown}


   Skills:
 + Level 9.6 Fighting
 + Level 9.1 Long Blades
 - Level 1.7 Throwing
 + Level 9.1 Dodging
 + Level 8.6 Stealth


You had 10 spell levels left.
You didn't know any spells.
Your spell library contained the following spells:

 Spells                   Type           Power        Failure   Level
 Sandblast                Erth           #.....       50%         1
 Blink                    Tloc           N/A          65%         2
 Passwall                 Tmut/Erth      #.......     65%         2
 Stone Arrow              Conj/Erth      #.....       86%         3
 Airstrike                Air            #.........   99%         4
 Petrify                  Tmut/Erth      #.......     99%         4
 Lee's Rapid Deconstruct  Erth           #.........   100%        5
 Silence                  Hex/Air        #.........   100%        5
 Yara's Violent Unravell  Hex/Tmut       #.........   100%        5
 Conjure Ball Lightning   Conj/Air       #.........   100%        6


Dungeon Overview and Level Annotations

Branches:
Dungeon (11/15)            Temple (1/1) D:7            Lair (0/6) D:8
    Orc: D:9-12

Altars:
Cheibriados
Dithmenos
Fedhas
Gozag
Hepliaklqana
Kikubaaqudgha
Okawaru
Sif Muna
Trog
Uskayaw
Wu Jian
Xom
Yredelemnul
Zin

Shops:
D:4 ((}(   D:7 =

Annotations:
D:9 exclusion: 2 doors


Innate Abilities, Weirdness & Mutations

You have a pair of antennae on your head.
You are mostly covered in slimy green scales. (AC +3)
You are immune to rotting.
Armour fits poorly on your strangely shaped body.
You have an increased reservoir of magic. (+10% MP)
Your system is resistant to poisons. (rPois)
Your spells are a little harder to cast, but a little more powerful.


Message History

The wizard points at you and mumbles some strange words.
The bolt of cold hits you. You resist.
* * * LOW HITPOINT WARNING * * *
You slash the wizard! You burn the wizard.
You kill the wizard!
Dithmenos accepts your kill. The efreet gestures at you.
The bolt of fire hits you!!
* * * LOW HITPOINT WARNING * * *
It was a potion of stabbing.
You feel ready to backstab.
You feel less wooden.
Your +0 pair of gloves unmelds from your body.
Your +0 pair of boots unmelds from your body.
Your +0 troll leather armour unmelds from your body.
The five-headed hydra bites you!
* * * LOW HITPOINT WARNING * * *
The five-headed hydra bites you but does no damage.
The five-headed hydra closely misses you. x2
The five-headed hydra bites you!
You die...

#.... ...>..
#####+#####..... #
#...T.....#|.... #. #.##
##..#..... #.
#.#)###.#.#.....
#.##..###.##.#.##.#.....
.....tD@'.###.###.'.....
#..##R###.##.#)##.#...#.
#.R #.#.###.#.#))..# #.
#..######.#.#... #
#.........#.)..#
#####+#####.....
#..............#
#...##..#####.##
#..<##.## ##


You could see a five-headed hydra, an efreet and a crocodile.

Vanquished Creatures
  Erica (D:8)
  2 two-headed ogres (D:9)
  A wizard (D:11)
  A cyclops (D:9)
  An ugly thing (D:11)
  A wolf spider (D:11)
  A manticore (D:11)
  Joseph (D:7)
  A gargoyle (D:11)
  A troll (D:10)
  A hippogriff (D:10)
  9 yaks
  2 wyverns
  Sigmund (D:4)
  Eustachio (D:4)
  Menkaure (D:4)
  A water moccasin (D:8)
  3 porcupines (D:8)
  Duvessa (D:6)
  A black bear (D:8)
  An orc warrior (D:9)
  An ice beast (D:6)
  5 sky beasts
  A phantom (D:9)
  4 ogres
  5 centaurs
  2 crocodiles (D:8)
  A big kobold (D:7)
  A gnoll sergeant (D:9)
  5 bullfrogs
  Dowan (D:6)
  A water moccasin zombie (D:4)
  A wyvern skeleton (D:6)
  3 scorpions (D:8)
  2 howler monkeys (D:8)
  4 wights (D:10)
  7 hounds
  A quasit (D:5)
  A bullfrog skeleton (D:6)
  A bullfrog zombie (D:9)
  A centaur zombie (D:7)
  A gnoll shaman (D:4)
  An orc priest (D:9)
  A centaur skeleton (D:8)
  2 jellies
  8 orc wizards
  Jessica (D:3)
  2 iguanas
  Terence (D:3)
  10 worker ants
  A hound zombie (D:7)
  A hound skeleton (D:5)
  A howler monkey zombie (D:11)
  2 worker ant zombies
  7 gnolls
  12 adders
  A shadow imp (D:6)
  2 white imps
  2 oozes
  4 adder zombies
  An adder skeleton (D:6)
  3 worms
  3 dart slugs
  8 leopard geckos
  29 orcs
  3 ball pythons
  8 giant cockroaches
  3 goblins
  6 hobgoblins
  2 jackals (D:2)
  10 kobolds
  5 quokkas
  6 bats
  3 frilled lizards
  A leopard gecko skeleton (D:4)
  5 rats
237 creatures vanquished.

Vanquished Creatures (others)
  33 fungi (D:8)
  42 plants (D:8)
75 creatures vanquished.

Grand Total: 312 creatures vanquished

Notes
Turn   | Place    | Note
-------+----------+-------------------------------------------
     0 | D:1      | grandjackal the Demonspawn Gladiator began the quest for
                  | the Orb.
     0 | D:1      | Reached XP level 1. HP: 16/16 MP: 1/1
   241 | D:1      | Gained mutation: You are partially covered in slimy green
                  | scales. (AC +2) [demonic ancestry]
   241 | D:1      | Reached XP level 2. HP: 22/22 MP: 2/2
   902 | D:2      | Gained mutation: You are mostly covered in slimy green
                  | scales. (AC +3) [demonic ancestry]
   902 | D:2      | Reached XP level 3. HP: 28/28 MP: 3/3
  1714 | D:3      | Gained mutation: You have a pair of small antennae on your
                  | head. [demonic ancestry]
  1714 | D:3      | Reached XP level 4. HP: 13/35 MP: 4/4
  1966 | D:3      | Noticed Terence
  1980 | D:3      | Killed Terence
  2276 | D:3      | Found an ancient bone altar of Kikubaaqudgha.
  2404 | D:3      | Noticed Jessica
  2415 | D:3      | Killed Jessica
  2415 | D:3      | Reached skill level 1 in Stealth
  2421 | D:3      | Identified Jessica's Volume of the Voyage
  2482 | D:3      | Reached XP level 5. HP: 41/41 MP: 5/5
  2563 | D:4      | Found Bewk's Weapon Shoppe.
  2570 | D:4      | Noticed Menkaure
  2578 | D:4      | Killed Menkaure
  2690 | D:4      | Found Hagreluch's Antique Weapon Shoppe.
  2695 | D:4      | Found Gikae's Gadget Emporium.
  2712 | D:4      | Reached XP level 6. HP: 43/48 MP: 6/6
  2942 | D:4      | Found Ojohufi's Weapon Shop.
  3575 | D:4      | Noticed Sigmund
  3593 | D:4      | Killed Sigmund
  3593 | D:4      | Gained mutation: You have a pair of antennae on your head.
                  | [demonic ancestry]
  3593 | D:4      | Reached XP level 7. HP: 40/55 MP: 7/7
  4083 | D:4      | Noticed Eustachio
  4113 | D:4      | Killed Eustachio
  4362 | D:5      | Entered Level 5 of the Dungeon
  4591 | D:5      | Reached skill level 5 in Fighting
  4591 | D:5      | Reached skill level 5 in Long Blades
  4591 | D:5      | Reached skill level 5 in Dodging
  4655 | D:5      | Reached XP level 8. HP: 40/62 MP: 8/8
  5537 | D:6      | Found an iron altar of Okawaru.
  5591 | D:6      | Found an ornate altar of the Wu Jian Council.
  5592 | D:6      | Found a bloodstained altar of Trog.
  5593 | D:6      | Found a hazy altar of Hepliaklqana.
  5854 | D:6      | Reached skill level 5 in Stealth
  6200 | D:6      | Noticed Dowan
  6213 | D:6      | Noticed Duvessa
  6275 | D:6      | Killed Duvessa
  6275 | D:6      | Reached XP level 9. HP: 55/69 MP: 7/9
  6290 | D:6      | Killed Dowan
  6630 | D:7      | Found a blossoming altar of Fedhas.
  6638 | D:7      | Noticed Joseph
  6668 | D:7      | Killed Joseph
  6942 | D:7      | Found Syidid's Jewellery Emporium.
  6944 | D:7      | Found a staircase to the Ecumenical Temple.
  7058 | D:7      | Bought a cursed amulet of inaccuracy for 30 gold pieces
  7067 | Temple   | Entered the Ecumenical Temple
  7081 | Temple   | Became a worshipper of Dithmenos the Shadowed
  7884 | D:8      | Identified the Compendium of Bewitchment and Flight
  8095 | D:8      | Reached * piety under Dithmenos
  8134 | D:8      | Found a staircase to the Lair.
  8191 | D:8      | Reached XP level 10. HP: 68/80 MP: 7/10
  8588 | D:8      | Noticed Erica
  8613 | D:8      | Killed Erica
  9505 | D:9      | Noticed a two-headed ogre
  9530 | D:9      | Killed a two-headed ogre
  9586 | D:9      | Noticed a two-headed ogre
  9826 | D:9      | Reached ** piety under Dithmenos
  9851 | D:9      | Found a glowing silver altar of Zin.
 10047 | D:9      | Found an opulent altar of Gozag.
 10379 | D:9      | Killed a two-headed ogre
 10517 | D:9      | Noticed a cyclops
 10526 | D:9      | Killed a cyclops
 10629 | D:9      | Gained mutation: You are immune to rotting. [demonic
                  | ancestry]
 10629 | D:9      | Reached XP level 11. HP: 80/89 MP: 11/11
 10750 | D:10     | Entered Level 10 of the Dungeon
 11770 | D:11     | Reached *** piety under Dithmenos
 11787 | D:11     | Noticed a purple ugly thing
 11798 | D:11     | Killed a purple ugly thing
 11864 | D:11     | Noticed a wizard
 11867 | D:11     | Noticed a wolf spider
 11868 | D:11     | Noticed a five-headed hydra
 11892 | D:11     | Killed a wolf spider
 11893 | D:11     | Gained mutation: You have an increased reservoir of magic.
                  | (+10% MP) [potion of mutation]
 11893 | D:11     | Gained mutation: Armour fits poorly on your strangely
                  | shaped body. [potion of mutation]
 11893 | D:11     | Gained mutation: Your system is resistant to poisons.
                  | (rPois) [potion of mutation]
 11893 | D:11     | Gained mutation: Your spells are a little harder to cast,
                  | but a little more powerful. [potion of mutation]
 11898 | D:11     | Killed a wizard
 11899 | D:11     | HP: 3/90 [five-headed hydra (9)]
 11899 | D:11     | Mangled by a five-headed hydra

Illustrated notes

Levels and vault maps discovered:
D:1:      beargit_arrival_greenhouse, layout_loops_cross
D:2:      layout_loops_ring
D:3:      layout_basic, old_standard_altar, kennysheep_jessica_study,
          uniq_terence
D:4:      layout_basic, serial_shops, shop, shop, nicolae_shop_crystal,
          nicolae_shop_crystal, serial_co_window_serial,
          co_window_of_opportunity_a, co_window_corner_a, co_window_corner_a,
          co_window_paths_b, co_window_corner_a, co_window_of_opportunity_b,
          co_window_broadway_c, co_window_2corner, co_window_unsneaky_path_d,
          glass_columns_b, glass_columns_b, glass_columns_a, glass_columns_b,
          glass_columns_b, kennysheep_generic_room_15, uniq_eustachio,
          uniq_sigmund, uniq_menkaure
D:5:      layout_loops_ring
D:6:      layout_basic, chequers_temple_overflow_statue_of_worship, uniq_duvessa
D:7:      layout_loops_ring, fedhas_altar_1,
          minmay_temple_entry_drinking_statues, serial_shops, shop,
          minmay_misc_feat_pillars, minmay_misc_feat_hallway, uniq_joseph
D:8:      layout_layer_cave, due_lair_maze_entry_diamond, minmay_checkerbox,
          uniq_erica
D:9:      cheibrodos_two_vegetables, layout_basic, zin_statuary,
          marbit_many_paths
D:10:     layout_loops_ring
D:11:     minmay_the_grid_plus [minmay_the_grid_box_x,
          minmay_the_grid_minigrid_small, minmay_the_grid_diamond_grid,
          minmay_the_grid_rooms, minmay_the_grid_prize_trominoes], layout_cross
Temple:   eino_temple_water

Skill      XL: |  1  2  3  4  5  6  7  8  9 10 11 |
---------------+----------------------------------+-----
Long Blades    | 3 4 5 6 7 8 9 |  9.1
Dodging        | 3 4 5 6 7 8 9 |  9.1
Fighting       | 3 4 5 6 7 9 |  9.6
Stealth        | 1 2 3 4 5 6 7 8 |  8.6
Throwing       | |  1.7

Action                   |  1- 3 |  4- 6 |  7- 9 | 10-12 || total
-------------------------+-------+-------+-------+-------++-------
Melee: Long sword        |    93 |       |       |       ||    93
       Scimitar          |    38 |    76 |    30 |   234 ||   378
       Falchion          |       |       |   391 |    51 ||   442
       Dagger            |       |       |       |    22 ||    22
Throw: Throwing net      |       |       |     3 |     3 ||     6
Evoke: Wand              |       |       |       |     2 ||     2
  Use: Potion            |       |     2 |       |     9 ||    11
       Scroll            |       |     1 |       |       ||     1
 Stab: Sleeping          |     1 |     1 |     9 |     7 ||    18
       Distracted        |     1 |       |     1 |     1 ||     3
       Held in net/web   |       |       |     1 |     1 ||     2
Armor: Leather armour    |    58 |    16 |    45 |       ||   119
       Ring mail         |       |       |    90 |    57 ||   147
       Skin              |       |       |       |    39 ||    39
       Troll leather arm |       |       |       |    12 ||    12
Dodge: Dodged            |    81 |    46 |   307 |   206 ||   640
       Rpst.: Long sword |    21 |       |       |       ||    21
       Scimitar          |     4 |    12 |    11 |    38 ||    65
       Falchion          |       |       |    89 |     5 ||    94

Table legend: (Time is in decaauts)
 A = Elapsed time spent in this place.
 B = Non-inter-level travel time spent in this place.
 C = Inter-level travel time spent in this place.
 D = Time resting spent in this place.
 E = Time spent auto-exploring this place.
 F = Levels seen in this place.
 G = Mean time per level.
                   A        B        C        D        E       F      G
               +--------+--------+--------+--------+--------+-----+--------+
         Total |  11960 |  11629 |    331 |   3668 |   5824 |  12 |  996.7 |
       Dungeon |  11934 |  11614 |    320 |   3668 |   5815 |  11 | 1084.9 |
        Temple |     25 |     14 |     11 |      0 |      9 |   1 |   25.0 |
               +--------+--------+--------+--------+--------+-----+--------+

Top non-repeatable levels by time:
     D:8: 1743 daAuts
     D:4: 1604 daAuts
     D:7: 1265 daAuts
     D:3: 1255 daAuts
     D:9: 1179 daAuts
     D:5: 1117 daAuts
     D:6: 1078 daAuts
    D:10: 931 daAuts
     D:1: 850 daAuts
     D:2: 703 daAuts
    D:11: 203 daAuts
  Temple: 25 daAuts
